 Dungeon Crawl Stone Soup version 0.29-a0-321-gf1c400731a (webtiles) character file.

Game seed: 4434401582871948181

42 zishaf the Gusty (level 3, 0/20 HPs)
             Began as a Tengu Air Elementalist on Apr 4, 2022.
             Slain by a goblin
             ... wielding a +0 club
             ... led by Robin
              (4 damage)
             ... on level 1 of the Dungeon.
             The game lasted 00:02:41 (1781 turns).

zishaf the Gusty (Tengu Air Elementalist)           Turns: 1781, Time: 00:02:41

Health: 0/20       AC:  2    Str:  8    XL:     3   Next: 54%
Magic:  0/7        EV: 12    Int: 17    God:
Gold:   41         SH:  0    Dex: 14    Spells: 5/6 levels left

rFire   . . .      SeeInvis .   (no weapon)
rCold   . . .      Faith    .   (no shield)
rNeg    . . .      Spirit   .   a - +0 robe
rPois   .          Reflect  .   (helmet restricted)
rElec   .          Harm     .   (no cloak)
rCorr   .          Rampage  .   (no gloves)
Will    .....                   (boots unavailable)
Stlth   ++........              (no amulet)
HPRegen 0.06/turn               (no ring)
MPRegen 0.10/turn               (no ring)

@: no status effects
A: beak, talons 3
a: no special abilities


You were on level 1 of the Dungeon.
You visited 1 branch of the dungeon, and saw 2 of its levels.

You collected 41 gold pieces.

Inventory:

Armour
 a - a +0 robe (worn)
Scrolls
 e - a scroll of enchant armour {unknown}
 f - 2 scrolls of identify {unknown}
 g - a scroll of silence {unknown}
Potions
 b - a potion of magic
 c - 4 potions of curing {unknown}
 d - a potion of attraction {unknown}
 h - a potion of ambrosia {unknown}
 i - a potion of heal wounds {unknown}


   Skills:
 + Level 1.3 Fighting
 - Level 2.2 Dodging
 - Level 2.0 Stealth
 + Level 2.4 Spellcasting
 + Level 2.4 Conjurations
 + Level 4.5 Air Magic


You had 5 spell levels left.
You knew the following spells:

 Your Spells              Type           Power      Damage    Failure   Level
a - Shock                 Conj/Air       52%        1d6       4%          1

Your spell library contained the following spells:

 Spells                   Type           Power      Damage    Failure   Level
 Static Discharge         Conj/Air       13%        N/A       7%          2
 Swiftness                Air            17%        N/A       9%          3
 Airstrike                Air            8%         N/A       28%         4
 Gell's Gravitas          Tloc           2%         N/A       50%         3
 Lesser Beckoning         Tloc           2%         N/A       50%         3
 Teleport Other           Tloc           2%         N/A       50%         3


Dungeon Overview and Level Annotations

Branches:
Dungeon (2/15)

Altars:

Annotations:
D:2 Robin


Innate Abilities, Weirdness & Mutations

You have a beak for a mouth.
You have claws for feet.


Message History

A hobgoblin comes into view.
Casting: Shock (safe; 4% risk of failure)
Confirm with . or Enter, or press ? or * to list all spells.
Aiming: Shock (safe; 4% risk of failure)
Press: ? - help, Shift-Dir - straight line, f - Robin
Aim: Robin, wielding a +0 spear, wearing a +0 animal skin and wearing a +0 helmet (moderately wounded, 77% to hit)
The zap misses the goblin.
The zap hits the goblin.
The goblin is severely wounded.
The zap misses Robin.
The hobgoblin shouts!
Robin says, "My goblins will feast on your bones."
The goblin hits you with a +0 club.
Robin says, "Kneel, worm!"
Robin throws the goblin at you! The goblin closely misses you.
The goblin attacks as you move away! The goblin barely misses you.
The goblin hits you but does no damage. The goblin attacks as you move away!
The goblin hits you with a +0 club.
Your magical contamination has completely faded away.
The goblin attacks as you move away! The goblin hits you with a +0 club.
The goblin attacks as you move away! The goblin hits you with a +0 club.
The goblin attacks as you move away! The goblin barely misses you.
There is a stone staircase leading up here.
The goblin hits you with a +0 club.
* * * LOW HITPOINT WARNING * * *
You climb upwards.
There is a stone staircase leading down here.
Casting: Shock (safe; 4% risk of failure)
Confirm with . or Enter, or press ? or * to list all spells.
Aiming: Shock (safe; 4% risk of failure)
Press: ? - help, Shift-Dir - straight line, f - goblin
Aim: a goblin, wielding a +0 club (moderately wounded, 60% to hit)
The zap misses the goblin.
The goblin hits you with a +0 club.
* * * LOW HITPOINT WARNING * * *
Casting: Shock (safe; 4% risk of failure)
Confirm with . or Enter, or press ? or * to list all spells.
Aiming: Shock (safe; 4% risk of failure)
Press: ? - help, Shift-Dir - straight line, f/p - goblin
Aim: a goblin, wielding a +0 club (moderately wounded, 60% to hit)
The zap misses the goblin.
The goblin hits you with a +0 club.
You die...

..#.##.....## #.# #.#
..#.#8.....8# #.# #.#
....##.....## #.# #.#
..#.##.....#####.####.#
..#.#8.....8#.........#
###.##.....##.##.############
#...........##.##.........#
###...........##.##.#######.#
.........####.#.@##.#...#...#
###...##.# #..g###.#.#.#.###
#...##.# #.......#.#.#.#####
###....#.############.#...)...#
......##........#...#...#.##.##
####).##..#####.#.#.###.#.##.#
####..##......#.#.......#.##.#
.......#.####)#.###.#####.##.#
##.#..##.# #.#....(......##.#


You could see a goblin.

Vanquished Creatures
  4 bats (D:1)
  8 endoplasms (D:1)
  3 giant cockroaches (D:1)
  2 hobgoblins
  2 jackals (D:1)
  4 kobolds (D:1)
  A ball python (D:1)
  2 frilled lizards (D:1)
  8 goblins
  3 rats (D:1)
37 creatures vanquished.

Notes
Turn   | Place    | Note
-------+----------+-------------------------------------------
     0 | D:1      | zishaf the Tengu Air Elementalist began the quest for the
                  | Orb.
     0 | D:1      | Reached XP level 1. HP: 10/10 MP: 4/4
   626 | D:1      | Reached XP level 2. HP: 16/16 MP: 1/6
   999 | D:1      | Reached skill level 1 in Fighting
  1193 | D:1      | Reached XP level 3. HP: 20/20 MP: 5/7
  1275 | D:1      | Found a faded altar of an unknown god.
  1763 | D:2      | Noticed Robin
  1781 | D:1      | Slain by a goblin

Illustrated notes

Levels and vault maps discovered:
D:1:      psy_arrival_heroes, layout_basic, ebering_ecumenical_altar_rust,
          st_stairs_9, minivault_23
D:2:      layout_basic, uniq_terence, uniq_crazy_yiuf_cottage, uniq_robin

Skill      XL: |  1  2 |
---------------+-------+-----
Conjurations   | 2 |  2.4
Fighting       | 1 |  1.3
Dodging        | |  2.2
Stealth        | |  2.0
Spellcasting   | |  2.4
Air Magic      | |  4.5

Action                   || total
-------------------------++-------
Melee: Unarmed           ||    21
       Kick              ||     3
       Peck              ||     2
       Punch             ||     1
 Cast: Shock             ||    65
Armor: Robe              ||     4
Dodge: Dodged            ||    20

Table legend: (Time is in decaauts)
 A = Elapsed time spent in this place.
 B = Non-inter-level travel time spent in this place.
 C = Inter-level travel time spent in this place.
 D = Time resting spent in this place.
 E = Time spent auto-exploring this place.
 F = Levels seen in this place.
 G = Mean time per level.
                   A        B        C        D        E       F      G
               +--------+--------+--------+--------+--------+-----+--------+
         Total |   1781 |   1757 |     24 |    254 |   1340 |   2 |  890.5 |
       Dungeon |   1781 |   1757 |     24 |    254 |   1340 |   2 |  890.5 |
               +--------+--------+--------+--------+--------+-----+--------+

Top non-repeatable levels by time:
     D:1: 1754 daAuts
     D:2: 26 daAuts
